 Dungeon Crawl Stone Soup version 0.28.0-53-g5a82cb258f (webtiles) character file.

Game seed: 15411510878175153616

185 unlimited1921 the Magician (level 5, -1/38 HPs)
             Began as a Djinni Fire Elementalist on June 8, 2022.
             Killed from afar by an orc wizard (10 damage)
             ... with a magic dart
             ... on level 3 of the Dungeon.
             The game lasted 00:12:39 (5430 turns).

unlimited1921 the Magician (DjFE)                   Turns: 5430, Time: 00:12:40

Health: -1/38      AC:  2    Str:  7    XL:     5   Next: 96%
Gold:   112        EV: 12    Int: 18    God:
                   SH:  0    Dex: 14

rFire   + + .      SeeInvis .   i - +0 short sword (speed)
rCold   x . .      Faith    .   (no shield)
rNeg    . . .      Spirit   .   a - +0 robe
rPois   ∞          Reflect  .   (no helmet)
rElec   .          Harm     .   (no cloak)
rCorr   .          Rampage  .   (no gloves)
Will    .....                   (boots unavailable)
Stlth   ++........              (no amulet)
HPRegen 0.12/turn               (no ring)
MPRegen 0.00/turn               (no ring)

@: flying
A: sickness immunity, fire resistance 2, cold vulnerability 1, float, innate
caster, HP casting, extra vitality 1
a: no special abilities


You were on level 3 of the Dungeon.
You visited 1 branch of the dungeon, and saw 3 of its levels.

You collected 112 gold pieces.

Inventory:

Hand Weapons
 g - a +0 dagger
 i - a +0 short sword of speed (weapon)
 j - a +0 war axe
 o - a +0 hunting sling
Missiles
 h - 49 stones
 k - 6 poisoned darts
 n - 13 sling bullets
 p - 2 throwing nets
 t - 28 bolts
Armour
 a - a +0 robe (worn)
 s - a +0 chain mail of fire resistance
Scrolls
 c - a scroll of amnesia {unknown}
 d - 2 scrolls of summoning {unknown}
 e - 4 scrolls of identify {unknown}
 l - a scroll of teleportation {unknown}
 m - 2 scrolls of fear {unknown}
 u - a scroll of fog {unknown}
 v - 4 scrolls of enchant weapon {unknown}
 w - a scroll of blinking {unknown}
Potions
 b - a potion of might {unknown}
 f - a potion of magic
 q - a potion of curing {unknown}
 r - a potion of berserk rage {unknown}


   Skills:
 * Level 2.0 Fighting
 + Level 2.6 Dodging
 + Level 2.2 Stealth
 + Level 4.0 Spellcasting


You couldn't memorise any spells.
You knew the following spells:

 Your Spells              Type           Power      Damage    Failure   Level
a - Foxfire               Conj/Fire      72%        2x1d7     2%          1
b - Scorch                Fire           36%        2d6       4%          2
c - Conjure Flame         Conj/Fire      18%        6-21      9%          3
d - Inner Flame           Hex/Fire       18%        N/A       9%          3
e - Flame Wave            Conj/Fire      18%        2d6       26%         4
f - Sandblast             Erth           36%        2d10      2%          1
g - Call Imp              Summ           18%        N/A       4%          2
Your spell library was empty.

Dungeon Overview and Level Annotations

Branches:
Dungeon (3/15)

Altars:


Innate Abilities, Weirdness & Mutations

You are immune to sickness and miasma.
You are immune to poison.
Your flesh is very heat resistant. (rF++)
You are vulnerable to cold. (rC-)
You float through the air rather than walking.
You learn spells naturally, not from books.
Your magical power is your life essence.
You have superior vitality. (+4 MHP)


Message History

It was a potion of magic.
Magic washes over you without effect. Something hits you.
Deactivating autopickup; reactivate with Ctrl-A.
Autopickup is now on.
Are you sure you want to stumble around while confused and next to your crimson imp? [Y]es or [N]o only, please.
Are you sure you want to stumble around while confused and next to your crimson imp?
Okay, then.
Something hits you.
Deactivating autopickup; reactivate with Ctrl-A.
You hear some strange, mumbled words.
A puff of flame appears from out of thin air!
The puff of flame hits you. You resist. Something hits you.
Are you sure you want to stumble around while confused and next to your crimson imp? [Y]es or [N]o only, please.
Are you sure you want to stumble around while confused and next to your crimson imp? [Y]es or [N]o only, please.
Are you sure you want to stumble around while confused and next to your crimson imp?
Okay, then.
Something hits you. Something hits you. Something hits you.
You feel less confused. Something hits you.
* * * LOW HITPOINT WARNING * * *
Your crimson imp disappears in a puff of smoke!
You hear some strange, mumbled words.
A puff of flame appears from out of thin air!
The puff of flame hits you. You resist.
* * * LOW HITPOINT WARNING * * *
Casting: Scorch (safe; 4% risk of failure)
Confirm with . or Enter, or press ? or * to list all spells.
You conjure some foxfire!
* * * LOW HITPOINT WARNING * * *
Your foxfire dissipates!
The foxfire hits something.
A magic dart appears from out of thin air!
The magic dart hits you!
You die...

### #.. # ######
#.#.# #....# #.#.#
#.#<.#.#≈≈≈###
#.####.#.#≈§≈≈≈≈
##+#......#@#.§..≈≈
#.......###.#[#####
#...†....).{#§...(
#.........)..#
#......>...).+
#............#
.............)'.
#.########.....##.
#. #.....# #


There were no monsters in sight!

Vanquished Creatures
  An orc priest (D:2)
  3 gnolls (D:2)
  5 adders (D:2)
  A dart slug (D:1)
  8 orcs
  9 bats
  7 endoplasms
  A giant cockroach (D:1)
  8 goblins
  4 hobgoblins
  4 jackals (D:1)
  3 quokkas (D:2)
  5 ball pythons
  A frilled lizard (D:1)
  5 kobolds
  6 rats
71 creatures vanquished.

Vanquished Creatures (others)
  221 foxfires
221 creatures vanquished.

Grand Total: 292 creatures vanquished

Notes
Turn   | Place    | Note
-------+----------+-------------------------------------------
     0 | D:1      | unlimited1921 the Djinni Fire Elementalist began the quest
                  | for the Orb.
     0 | D:1      | Reached XP level 1. HP: 15/15 MP: 0/0
   421 | D:1      | Reached XP level 2. HP: 18/21 MP: 0/0
  1477 | D:1      | Found a faded altar of an unknown god.
  1524 | D:1      | Reached skill level 3 in Spellcasting
  1526 | D:1      | Reached XP level 3. HP: 19/25 MP: 0/0
  1526 | D:1      | Learned a level 1 spell: Sandblast
  3075 | D:2      | Reached XP level 4. HP: 28/31 MP: 0/0
  3207 | D:2      | Reached skill level 1 in Fighting
  3211 | D:2      | Reached XP level 5. HP: 28/37 MP: 0/0
  3211 | D:2      | Learned a level 2 spell: Call Imp
  4406 | D:2      | Reached skill level 4 in Spellcasting
  5430 | D:3      | Killed from afar by an orc wizard

Illustrated notes

Levels and vault maps discovered:
D:1:      evilmike_arrival_rings, layout_rooms,
          hellmonk_ecumenical_altar_heavens_door, minivault_23,
          minmay_misc_feat_encased, chequers_garden, minivault_26,
          minmay_pentomino_w2
D:2:      layout_basic, st_stairs_11
D:3:      cheibrodos_old_hovel, layout_basic, grunt_decor_one_mirror,
          chequers_serial_rivers_small_a

Skill      XL: |  1  2  3  4  5 |
---------------+----------------+-----
Spellcasting   | 3 4 |  4.0
Stealth        | 2 |  2.2
Fighting       | 1 2 |  2.0
Dodging        | |  2.6

Action                   |  1- 3 |  4- 6 || total
-------------------------+-------+-------++-------
Melee: Unarmed           |     1 |       ||     1
 Cast: Foxfire           |    86 |    59 ||   145
       Sandblast         |     1 |       ||     1
       Scorch            |       |    11 ||    11
       Inner Flame       |       |     2 ||     2
       Call Imp          |       |     1 ||     1
  Use: Potion            |       |     1 ||     1
Armor: Robe              |     1 |     2 ||     3
Dodge: Dodged            |     3 |     4 ||     7
